 Dungeon Crawl Stone Soup version 0.31.0-4-g52a2dc7128 (webtiles) character file.

Game seed: 17569242762075322681

17934 sizableburger the Thaumaturge (level 12, -17/71 HPs)
             Began as a Deep Elf Necromancer on Jan 18, 2024.
             Was a Priest of Nemelex Xobeh.
             Engulfed by an ice statue's freezing vapour (30 damage)
             ... in a Gauntlet on Jan 21, 2024.
             The game lasted 00:50:47 (14462 turns).

sizableburger the Thaumaturge (DENe)               Turns: 14462, Time: 00:50:48

Health: -17/71     AC:  7    Str:  5    XL:     12   Next: 23%
Magic:  24/28      EV: 15    Int: 26    God:    Nemelex Xobeh [***...]
Gold:   470        SH:  5    Dex: 17    Spells: 8/31 levels left

rFire   + . .        u - +7 dagger (pain)
rCold   . . .        x - orb {light}
rNeg    . . .        a - +0 robe
rPois   +            w - +1 helmet
rElec   .            g - +1 cloak {rPois}
rCorr   .            m - +0 pair of gloves
SInv    .            k - +0 pair of boots
Will    ++...        o - amulet of reflection
Stlth   ++           b - ring of protection from fire
HPRegen 0.31/turn    (no ring)
MPRegen 0.21/turn

%: no teleportation, reflection
@: frozen, animating dead, glowing, very slow
A: thin skeletal structure 1, deformed body, strong-willed 1
a: Renounce Religion, Draw Escape, Draw Destruction, Draw Summoning, Triple Draw


You were in a Gauntlet.
You worshipped Nemelex Xobeh.
Nemelex Xobeh was most pleased with you.
You visited 3 branches of the dungeon, and saw 12 of its levels.
You also visited: Gauntlet.

You collected 533 gold pieces.
You spent 63 gold pieces at shops.

Inventory:

Hand Weapons
 u - a +7 dagger of pain (weapon)
Missiles
 t - a throwing net
Armour
 a - a +0 robe (worn)
 c - a +0 ring mail
 g - a +1 cloak of poison resistance (worn)
 h - a +0 cloak
 k - a +0 pair of boots (worn)
 m - a +0 pair of gloves (worn)
 w - a +1 helmet (worn)
 x - an orb of light (worn)
Jewellery
 b - a ring of protection from fire (left hand)
 o - an amulet of reflection (around neck)
 q - an amulet of the acrobat
Talismans
 r - a serpent talisman
Wands
 d - a wand of paralysis (25)
 f - a wand of iceblast (2)
Scrolls
 i - 4 scrolls of amnesia
 n - a scroll of revelation
 s - a scroll of teleportation
 y - 2 scrolls of fear
 A - 2 scrolls of poison
Potions
 e - 2 potions of enlightenment {unknown}
 j - 2 potions of curing
 l - 3 potions of berserk rage
 p - a potion of degeneration
 z - a potion of brilliance
 B - a potion of invisibility


   Skills:
 + Level 6.8 Fighting
 + Level 9.0 Short Blades
 - Level 6.2 Dodging
 - Level 2.4 Stealth
 - Level 10.3 Spellcasting
 - Level 4.3 Hexes
 - Level 9.0 Necromancy
 - Level 7.1 Ice Magic
 - Level 2.4 Air Magic
 + Level 7.0 Alchemy
 + Level 6.9 Invocations


You had 8 spell levels left.
You knew the following spells:

 Your Spells              Type           Power      Damage    Failure   Level
a - Necrotise             Necr           100%       1d9       1%          1
b - Mercury Vapours       Alch/Air       76%        N/A       1%          2
c - Vampiric Draining     Necr           57%        2d10      1%          3
d - Animate Dead          Necr           57%        N/A       1%          4
e - Olgreb's Toxic Radia  Alch           50%        N/A       2%          4
f - Summon Ice Beast      Ice/Summ       31%        N/A       3%          3
g - Swiftness             Air            26%        N/A       4%          3
h - Sigil of Binding      Hex            36%        N/A       2%          3

Your spell library contained the following spells:

 Spells                   Type           Power      Damage    Failure   Level
 Slow                     Hex            100%       N/A       1%          1
 Sting                    Conj/Alch      100%       1d9       1%          1
 Ensorcelled Hibernation  Hex/Ice        86%        N/A       1%          2
 Confusing Touch          Hex            36%        N/A       2%          3
 Hailstorm                Conj/Ice       31%        3d8       3%          3
 Curse of Agony           Necr           57%        N/A       3%          5
 Foxfire                  Conj/Fire      52%        2x1d6     4%          1
 Lesser Beckoning         Tloc           26%        N/A       7%          2
 Gell's Gravitas          Tloc           13%        N/A       14%         3
 Passwall                 Erth           13%        N/A       14%         3
 Teleport Other           Tloc           13%        N/A       14%         3
 Sculpt Simulacrum        Ice/Alch       25%        N/A       36%         6
 Plasma Beam              Fire/Air       9%         2x1d20    99%         6
 Starburst                Conj/Fire      6%         6d4       100%        6


Dungeon Overview and Level Annotations

Branches:
Dungeon (8/15)             Temple (1/1) D:6            Lair (3/5) D:8
Gauntlet (1/1)
  Swamp: Lair:2-3    Shoals: Lair:2-3     Snake: Lair:2-3    Spider: Lair:2-3

Altars:
Ashenzari
Dithmenos
Elyvilon
Fedhas
Gozag
Hepliaklqana
Kikubaaqudgha
Makhleb
Nemelex Xobeh
Okawaru
Qazlal
Trog
Uskayaw
Vehumet
Wu Jian
Xom
The Shining One

Shops:
D:1 [

Annotations:
D:2 1 runed translucent door, Crazy Yiuf
D:6 Grinder Gauntlet 13 transporters, 1 runed translucent door, exclusion: ice statue


Innate Abilities, Weirdness & Mutations

You have a somewhat thin skeletal structure. (Dex +2, Stealth+)
Armour fits poorly on your strangely shaped body.
You are strong-willed. (Will+)


Message History

You hit the rime drake.
The rime drake writhes in agony!
The rime drake is moderately wounded.
The rime drake closely misses you.
The rime drake enters a dispersal trap!
The rime drake blinks! x2; You blink.
The rime drake blinks!
The ice statue glitters chillingly in the dim dungeon light.
The ice statue gestures.
The ice encasing you melts away.
The rime drake is no longer weakened.
The rime drake bites you.
The rime drake fails to trigger a net trap.
The rime drake breathes ice at you. The icy flash freeze hits you!
You are encased in ice.
You hit the rime drake.
The rime drake writhes in agony!
The rime drake is severely wounded.
The rime drake bites you.
The rime drake bites you but does no damage.
The ice statue gestures.
Unknown command.
You hit the rime drake.
The rime drake writhes in agony.
The rime drake is almost dead.
You hit the rime drake.
You kill the rime drake!
The dead are flying!
The rime drake bites you. The ice encasing you melts away.
The ice statue gestures at you. The freezing blast engulfs you.
Your rime drake zombie is engulfed in freezing vapours.
Your rime drake zombie bites the rime drake.
The rime drake is engulfed in freezing vapours.
The rime drake breathes ice at you. The icy flash freeze hits you!!
* * * LOW HITPOINT WARNING * * *
You are encased in ice.
Okay, then.
Okay, then.
Okay, then.
Okay, then.
You are engulfed in freezing vapours.
You die...
Your body glows slightly brighter and disappears.

##≈.#8..©#....≈##
##.#©...#.8..##
##≈.#8..©#....≈##
#≈≈.#########.≈≈#
##≈.#.=?Y..8#.≈##
##.#Z☼Y8☼..#.##
##≈.#8k8☼8.8#.≈##
#≈≈.##8○☼.8##.≈≈#
##≈.#8@8○8.8#.≈##
##.#...8...#.##
##≈.#..8#8..#.≈##
#≈≈.#########.≈≈#
##≈.....©.....≈##
##...........##
#≈...∩...∩...≈#
#≈≈≈#≈≈≈#≈≈≈#≈≈≈#
##≈###≈###≈###≈##


You could see an ice statue, a rime drake (catching breath, ally target), 2 ice
beasts and a friendly rime drake zombie.

Vanquished Creatures
  A skyshark (Lair:2)
  Pikel (D:7)
  2 black mambas (Lair:2)
  Maurice (D:7)
  A cane toad (Lair:3)
  2 komodo dragons (Lair:2)
  2 rime drakes
  A troll (D:7)
  A polar bear (Lair:2)
  13 blink frogs
  A hornet (D:8)
  A wyvern (D:8)
  12 yaks (Lair:2)
  A basilisk (Lair:1)
  3 water moccasins
  Pargi (D:3)
  2 sky beasts (D:7)
  An ice beast (D:7)
  2 black bears
  7 wolves
  5 ogres
  A phantom (D:7)
  3 lemures (D:7)
  Blork the orc (D:5)
  5 bullfrogs
  2 gnoll sergeants (D:8)
  3 scorpions
  2 wights
  3 killer bees (D:8)
  2 bombardier beetles
  5 howler monkeys
  3 jellies
  2 orc priests
  5 hounds
  2 sleepcaps
  Jessica (D:3)
  2 iguanas
  5 orc wizards
  10 adders
  11 gnolls
  2 white imps
  2 ufetubi (D:5)
  A dart slug (D:5)
  A ribbon worm (D:2)
  17 orcs
  7 endoplasms
  5 giant cockroaches
  4 goblins
  9 hobgoblins
  8 jackals
  3 kobolds
  3 quokkas
  2 ball pythons (D:1)
  5 bats
  6 rats
204 creatures vanquished.

Vanquished Creatures (collateral kills)
  A hydra (Lair:2)
  A cane toad (Lair:1)
  A komodo dragon (Lair:2)
  A polar bear (Lair:2)
  9 blink frogs
  A slime creature (Lair:2)
  6 yaks
  A steam dragon (D:8)
  Menkaure (D:7)
  4 water moccasins
  A black bear (Lair:1)
  2 wolves
  2 bullfrogs (Lair:1)
  4 wights (D:6)
  3 killer bees (D:8)
  A howler monkey (D:8)
  2 jellies (Lair:2)
  2 orc wizards (D:8)
  2 gnolls
  2 dart slugs
  2 orcs (D:8)
  17 endoplasms (Lair:2)
  A giant cockroach (D:2)
  A jackal (D:3)
68 creatures vanquished.

Vanquished Creatures (others)
  A black mamba zombie (Lair:2)
  A cane toad zombie (Lair:1)
  A komodo dragon zombie (Lair:2)
  6 yak zombies (Lair:2)
  2 wolf zombies (Lair:3)
  A bullfrog zombie (Lair:1)
  A bombardier beetle (D:5)
  An orc wizard (D:8)
  6 killer bee zombies (D:8)
  An ogre zombie (D:6)
  A hound zombie (D:6)
  A howler monkey zombie (D:8)
  An adder zombie (D:5)
  3 orc zombies
  5 gnoll zombies (D:8)
32 creatures vanquished.

Grand Total: 304 creatures vanquished

Notes
Turn   | Place    | Note
-------+----------+-------------------------------------------
     0 | D:1      | sizableburger the Deep Elf Necromancer began the quest for
                  | the Orb.
     0 | D:1      | Reached XP level 1. HP: 10/10 MP: 6/6
   113 | D:1      | Reached skill level 5 in Necromancy
   347 | D:1      | Reached XP level 2. HP: 14/15 MP: 4/8
   492 | D:1      | Learned a level 2 spell: Mercury Vapours
   616 | D:1      | Reached skill level 4 in Spellcasting
   731 | D:1      | Reached XP level 3. HP: 19/19 MP: 7/10
   754 | D:1      | Found Onyts's Armour Shop.
  1201 | D:2      | Reached skill level 1 in Alchemy
  1206 | D:2      | Reached skill level 1 in Air Magic
  1327 | D:1      | Bought a +0 pair of gloves for 63 gold pieces
  1368 | D:2      | Found a runed translucent door.
  1369 | D:2      | Noticed Crazy Yiuf
  1570 | D:2      | Reached XP level 4. HP: 24/24 MP: 9/12
  1860 | D:2      | Found a faded altar of an unknown god.
  2024 | D:2      | Upgraded the game from 0.31-b1-20-g67cafac56d to 0.31.0
  2687 | D:3      | Reached skill level 1 in Fighting
  2687 | D:3      | Reached XP level 5. HP: 29/29 MP: 9/13
  2851 | D:3      | Found a hide-covered altar of Uskayaw.
  2856 | D:3      | Learned a level 3 spell: Vampiric Draining
  3010 | D:3      | Noticed Pargi
  3018 | D:3      | Killed Pargi
  3019 | D:3      | Reached XP level 6. HP: 35/35 MP: 1/15
  3219 | D:3      | Reached skill level 5 in Spellcasting
  3317 | D:3      | Found a hazy altar of Hepliaklqana.
  3347 | D:3      | Noticed Jessica
  3353 | D:3      | Killed Jessica
  3365 | D:3      | Learned a level 4 spell: Animate Dead
  3928 | D:4      | Reached skill level 1 in Short Blades
  3936 | D:4      | Reached XP level 7. HP: 16/40 MP: 8/17
  4151 | D:4      | Upgraded the game from 0.31.0 to 0.31.0-2-g5a2aebc5c2
  4483 | D:4      | Found a blossoming altar of Fedhas.
  4760 | D:5      | Entered Level 5 of the Dungeon
  4772 | D:5      | Noticed Blork the orc
  4780 | D:5      | Killed Blork the orc
  4781 | D:5      | Reached skill level 6 in Spellcasting
  5787 | D:5      | Learned a level 4 spell: Olgreb's Toxic Radiance
  5981 | D:5      | Reached XP level 8. HP: 46/46 MP: 16/20
  5986 | D:5      | Learned a level 3 spell: Summon Ice Beast
  6240 | D:6      | Reached skill level 1 in Ice Magic
  6298 | D:6      | Reached skill level 7 in Spellcasting
  6438 | D:6      | Gained mutation: You are strong-willed. (Will+) [potion of
                  | mutation]
  6438 | D:6      | Gained mutation: You have a somewhat thin skeletal
                  | structure. (Dex +2, Stealth+) [potion of mutation]
  6438 | D:6      | Gained mutation: Armour fits poorly on your strangely
                  | shaped body. [potion of mutation]
  6876 | D:6      | Found a staircase to the Ecumenical Temple.
  6879 | D:6      | Noticed Grinder
  7163 | D:6      | Learned a level 3 spell: Swiftness
  7837 | D:6      | Reached XP level 9. HP: 52/52 MP: 22/22
  7928 | Temple   | Entered the Ecumenical Temple
  7942 | Temple   | HP: 2/46 [wight/+3 battleaxe (2)]
  8144 | Temple   | Became a worshipper of Nemelex Xobeh the Trickster
  8195 | D:6      | Reached skill level 8 in Spellcasting
  8293 | D:7      | Found an iron altar of Okawaru.
  8338 | D:7      | Noticed Pikel
  8510 | D:7      | Killed Pikel
  8622 | D:7      | Reached skill level 5 in Short Blades
  8691 | D:7      | Found an opulent altar of Gozag.
  8725 | D:7      | Found a broken altar of Ashenzari.
  8863 | D:7      | Noticed a troll
  8871 | D:7      | Killed a troll
  9043 | D:7      | Reached skill level 5 in Fighting
  9073 | D:7      | Noticed Maurice
  9085 | D:7      | Killed Maurice
  9086 | D:7      | Reached skill level 9 in Spellcasting
  9328 | D:7      | Noticed Menkaure
  9335 | D:7      | Killed Menkaure
  9336 | D:7      | Reached skill level 5 in Ice Magic
  9341 | D:7      | Found a shadowy altar of Dithmenos.
  9355 | D:7      | Reached XP level 10. HP: 42/59 MP: 15/25
  9829 | D:8      | Found an ornate altar of the Wu Jian Council.
  9971 | D:8      | Found a staircase to the Lair.
 10033 | D:8      | Found a radiant altar of Vehumet.
 10254 | D:8      | Reached * piety under Nemelex Xobeh
 10541 | D:8      | Learned a level 3 spell: Sigil of Binding
 10562 | Lair:1   | Entered Level 1 of the Lair of Beasts
 10574 | Lair:1   | Received a gift from Nemelex Xobeh
 10606 | Lair:1   | Reached skill level 1 in Hexes
 10608 | Lair:1   | Reached skill level 1 in Invocations
 10615 | Lair:1   | Reached skill level 10 in Spellcasting
 10764 | Lair:1   | Noticed a cane toad
 10775 | Lair:1   | Killed a cane toad
 10884 | Lair:1   | Reached skill level 5 in Dodging
 11485 | Lair:1   | Reached XP level 11. HP: 64/64 MP: 27/27
 11935 | Lair:1   | Reached ** piety under Nemelex Xobeh
 12324 | Lair:2   | Upgraded the game from 0.31.0-2-g5a2aebc5c2 to
                  | 0.31.0-4-g52a2dc7128
 12669 | Lair:2   | Reached skill level 5 in Alchemy
 12782 | Lair:2   | Noticed a skyshark
 12795 | Lair:2   | Killed a skyshark
 12796 | Lair:2   | Reached skill level 5 in Invocations
 13221 | Lair:2   | Noticed a six-headed hydra
 13238 | Lair:2   | Killed a six-headed hydra
 13419 | Lair:2   | Reached XP level 12. HP: 71/71 MP: 28/28
 14039 | Lair:3   | Found a gate leading to a gauntlet.
 14248 | Gauntlet | Entered a Gauntlet
 14248 | Gauntlet | Found a transporter.
 14257 | Gauntlet | Found a transporter.
 14260 | Gauntlet | Found a transporter.
 14261 | Gauntlet | Found a transporter.
 14272 | Gauntlet | Found a transporter.
 14273 | Gauntlet | Found a transporter.
 14273 | Gauntlet | Found a transporter.
 14281 | Gauntlet | Found a transporter.
 14284 | Gauntlet | Found a transporter.
 14285 | Gauntlet | Found a transporter.
 14287 | Gauntlet | Reached *** piety under Nemelex Xobeh
 14287 | Gauntlet | Received a gift from Nemelex Xobeh
 14289 | Gauntlet | Noticed a dire elephant
 14294 | Gauntlet | Found a transporter.
 14296 | Gauntlet | Found a transporter.
 14297 | Gauntlet | Found a transporter.
 14302 | Gauntlet | Noticed a death yak
 14305 | Gauntlet | Found a transporter.
 14305 | Gauntlet | Noticed a death yak
 14306 | Gauntlet | Noticed a death yak
 14307 | Gauntlet | Noticed a death yak
 14356 | Gauntlet | Found a runed translucent door.
 14462 | Gauntlet | Engulfed by an ice statue's freezing vapour

Illustrated notes

Levels and vault maps discovered:
D:1:      lemuel_arrival_tunnels, layout_loops_ring, serial_shops, shop,
          minmay_pentomino_s2
D:2:      layout_loops_ring, hellmonk_ecumenical_altar_leap_of_faith,
          cheibrodos_gnoll_hut, uniq_crazy_yiuf_cottage
D:3:      layout_basic, nicolae_uskayaw_dance_hall, nzn_hepliaklqana_mist_gate,
          uniq_jessica, uniq_pargi
D:4:      layout_basic, kennysheep_mini_moat
D:5:      layout_basic, uniq_blork_the_orc
D:6:      layout_layer_cave, minmay_temple_entry_waves, chequers_mini_garden,
          hangedman_decor_lopped, minmay_misc_feat_encased,
          kennysheep_generic_room_15, uniq_grinder
D:7:      layout_loops_corners, lemuel_round_altar,
          nicolae_dithmenos_shadow_blocks, ashenzari_conservatory_becter,
          amcnicky_altar_gilded, uniq_menkaure, uniq_maurice, uniq_pikel
D:8:      layout_basic, mainiacjoe_overflow_24_doors,
          mainiacjoe_overflow_catwalk, dpeg_oklobed_lair
Temple:   hellmonk_temple_rainy
Lair:1:   layout_cave_pods
Lair:2:   lemuel_slime, layout_regular_city
Lair:3:   layout_roguey [special_room_bee], swamp_mist,
          guppyfry_snake_entry_island, gauntlet_entry_generic,
          grunt_megastairs_4, infiniplex_staircase_pool
Gauntlet: gammafunk_gauntlet_77_escape_option
          [minmay_gauntlet_arena_77_terracotta_army,
          minmay_gauntlet_arena_77_path, minmay_gauntlet_arena_77_museum,
          minmay_gauntlet_arena_77_checkered, minmay_gauntlet_arena_77_mirror,
          gauntlet_exit_hidden_loot]

Skill      XL: |  1  2  3  4  5  6  7  8  9 10 11 12 |
---------------+-------------------------------------+-----
Necromancy     | 5 6 7 8 9 |  9.0
Spellcasting   | 4 5 6 7 9 10 | 10.3
Alchemy        | 2 4 6 7 |  7.0
Air Magic      | 1 2 |  2.4
Fighting       | 1 2 3 4 5 6 |  6.8
Short Blades   | 1 3 4 5 7 8 9 |  9.0
Ice Magic      | 3 5 6 7 |  7.1
Dodging        | 3 5 6 |  6.2
Hexes          | 3 4 |  4.3
Invocations    | 3 6 |  6.9
Stealth        | |  2.4

Action                     |  1- 3 |  4- 6 |  7- 9 | 10-12 || total
---------------------------+-------+-------+-------+-------++-------
  Melee: Dagger            |     6 |    36 |   286 |   184 ||   512
         Unarmed           |     1 |       |       |       ||     1
         Punch             |       |       |     2 |       ||     2
   Cast: Necrotise         |    54 |    75 |    14 |    16 ||   159
         Vampiric Draining |       |    14 |    24 |    44 ||    82
         Mercury Vapours   |       |     7 |    32 |    18 ||    57
         Animate Dead      |       |       |     8 |     9 ||    17
         Summon Ice Beast  |       |       |    12 |     7 ||    19
         Olgreb's Toxic Ra |       |       |     4 |     8 ||    12
         Swiftness         |       |       |     2 |       ||     2
    Use: Scroll            |       |     1 |    12 |    10 ||    23
         Potion            |       |     1 |     5 |     1 ||     7
   Stab: Sleeping          |       |     1 |     5 |     1 ||     7
         Distracted        |       |       |     3 |     4 ||     7
 Armour: Ring mail         |    15 |    13 |       |       ||    28
         Robe              |       |    29 |   174 |   176 ||   379
         Skin              |       |       |     7 |       ||     7
  Dodge: Dodged            |    19 |    52 |   174 |   161 ||   406
  Block: Other             |     1 |    26 |    73 |    14 ||   114
         Reflection        |       |       |     1 |       ||     1
